 Dungeon Sprint DCSS version 0.18.1-48-g4cf74bf (webtiles) character file.

2820 Groucho the Blocker (level 9, -6/52 HPs)
             Began as a Vine Stalker Monk on July 9, 2016.
             Was the Champion of Dithmenos.
             Hit by a large rock thrown by a cyclops (18 damage)
             ... in the Dungeon (Sprint V: "Ziggurat Sprint").
             The game lasted 00:04:20 (464 turns).

Groucho the Blocker (Vine Stalker Monk)              Turns: 464, Time: 00:04:21

Health: -6/52      AC: 28    Str: 32    XL:     9   Next: 73%
Magic:  0/20       EV:  6    Int: 10    God:    Dithmenos [******]
Gold:   0          SH: 31    Dex: 17    Spells: 1 memorised, 18 levels left

rFire  . . .     SeeInvis +     a - +14 obsidian axe {chop, +Fly Str+3 SInv *Curse} (curse)
rCold  . . .     Gourm    .     H - +15 Maxwell's patent armour {-Cast -Tele rElec MR+ rCorr}
rNeg   + . .     Faith    .     I - +18 shield of the gong {rElec rN+ MR+ EV-5}
rPois  .         Spirit   +     (no helmet)
rElec  +         Dismiss  .     (no cloak)
rCorr  +         Reflect  .     (no gloves)
SustAt .         Harm     .     (no boots)
MR     +++..     NoTele   +     (no amulet)
Stlth  .......... NoCast   +    C - +6 ring of strength
                                B - +6 ring of strength

@: mesmerised, wreathed by umbra, extremely resistant to hostile enchantments,
extremely unstealthy
A: fangs 3, regeneration 2, magic shield, antimagic bite, no device heal 3, rot
immunity
a: Shadow Step, Shadow Form, Renounce Religion, Evoke Flight


You were in the Dungeon.
You worshipped Dithmenos.
Dithmenos was exalted by your worship.
You were not hungry.

You visited 1 branch

Inventory:

Hand Weapons
 a - the cursed +14 obsidian axe (weapon) {chop, +Fly Str+3 SInv *Curse}
   (You found it in the Dungeon)

   It inflicts extra damage upon your enemies.
   It affects your strength (+3).
   It lets you see invisible.
   It lets you fly.
   It may re-curse itself when equipped.
   It has a curse placed upon it.
Armour
 H - the +15 Maxwell's patent armour (worn) {-Cast -Tele rElec MR+ rCorr}
   (You found it in the Dungeon)

   It insulates you from electricity.
   It affects your resistance to hostile enchantments.
   It prevents spellcasting.
   It prevents most forms of teleportation.
   It protects you from acid and corrosion.
 I - the +18 shield of the gong (worn) {rElec rN+ MR+ EV-5}
   (You found it in the Dungeon)

   It affects your evasion (-5).
   It insulates you from electricity.
   It protects you from negative energy.
   It affects your resistance to hostile enchantments.
 J - a +5 gold dragon armour
Jewellery
 x - a +6 ring of dexterity
 y - a +6 ring of dexterity
 z - a +6 ring of intelligence
 A - a +6 ring of intelligence
 B - a +6 ring of strength (left hand)
 C - a +6 ring of strength (right hand)
Wands
 D - a wand of disintegration (7/24)
 E - a wand of iceblast (5/15)
 F - a wand of lightning (5/15)
 G - a wand of acid (5/15)
Scrolls
 h - 4 scrolls of blinking
 o - 4 scrolls of amnesia
 p - 3 scrolls of recharging
 q - 7 scrolls of fog
 r - a scroll of holy word
 s - 5 scrolls of identify
 t - 5 scrolls of remove curse
 u - 2 scrolls of fear
 L - a scroll of brand weapon
Potions
 c - 10 potions of curing
 d - 12 potions of heal wounds
 e - 6 potions of haste
 f - 7 potions of magic
 g - 3 potions of berserk rage
 i - 2 potions of brilliance
 j - 2 potions of invisibility
 k - 4 potions of resistance
 l - a potion of experience
 m - 5 potions of agility
 n - 5 potions of might
Miscellaneous
 M - 2 phantom mirrors
Comestibles
 b - 5 bread rations
 v - 42 fruits
 w - 4 meat rations
 K - 3 royal jellies


   Skills:
 + Level 8.4 Fighting
 * Level 7.8 Axes
 * Level 8.4 Armour
 + Level 6.3 Dodging
 - Level 2.4 Stealth
 * Level 9.1 Shields
 + Level 8.1 Unarmed Combat
 + Level 6.9 Spellcasting


You had 18 spell levels left.
You knew the following spells:

 Your Spells              Type           Power        Failure   Level  Hunger
a - Regeneration          Chrm/Necr      #.........   100%        3    ###....


Dungeon Overview and Level Annotations

Branches:
Dungeon (1/1)

Altars:
Ashenzari
Cheibriados
Dithmenos
Elyvilon
Fedhas
Gozag
Kikubaaqudgha
Makhleb
Nemelex Xobeh
Okawaru
Pakellas
Qazlal
Ru
Sif Muna
Trog
Vehumet
Xom
Yredelemnul
Zin
The Shining One
Beogh
Jiyva
Lugonu


Innate Abilities, Weirdness & Mutations

You have razor-sharp teeth.
You heal very quickly.
When hurt, damage is shared between your health and your magic reserves.
Your bite disrupts and absorbs the magic of your enemies.
Potions and wands cannot restore your health.
You are immune to rotting.


Message History

Unknown command.
Unknown command.
You closely miss the merfolk. You bite the merfolk! You drain its power.
You feel invigorated.
The merfolk is heavily wounded.
You slash the sheep! You open a gate to Pandemonium!
A demon appears!
It doesn't seem very happy.
You kill the sheep!
Dithmenos accepts your kill.
You slash the merfolk!
You kill the merfolk!
Dithmenos accepts your kill.
Your Shields skill increases to level 9!
You block the merfolk's attack.
BOUMMMMG!
The merfolk barely misses you. You block the merfolk's attack.
PANG!
Your neqoxec hits the merfolk!
The cyclops throws a large rock.
The large rock hits you!!!
You die...

▓........▓....†...▓
▓▓▓▓▓▓▓▓▓▓▓▓▓▓▓▓▓▓▓
▓...8©8...▓..8©8..▓
▓..")|)...▓..|.)..▓
▓...[:)...▓..)[}..▓
▓.........▓.......▓
▓...m.mC..▓.......▓
▓...§)§...▓.......▓
▓...§@m3..▓.......▓
▓.▓.§§3.▓.▓.......▓
▓...§§§...▓.......▓
▓▓▓▓▓▓▓▓▓▓▓▓▓▓▓▓▓▓▓
▓..8©8..▓ ▓..=.)..▓
▓..)=[..▓ ▓.......▓
▓.......▓


You could see 3 merfolk, a cyclops, a neqoxec and a friendly neqoxec.

Vanquished Creatures
  2 naga magi (D)
  2 yaktaurs (D)
  A merfolk (D)
  2 spriggans (D)
  A hippogriff (D)
  A naga (D)
  2 hell hounds (D)
  A water moccasin (D)
  2 black bears (D)
  A giant frog (D)
  A quasit (D)
  2 sheep (D)
  A mummy (D)
  An adder (D)
  2 adder zombies (D)
  An adder skeleton (D)
  2 bat zombies (D)
  A ball python (D)
  A giant gecko zombie (D)
  A jackal zombie (D)
28 creatures vanquished.

Vanquished Creatures (collateral kills)
  A porcupine (D)
  A black bear (D)
  A phantom (D)
  A centaur (D)
  A river rat (D)
5 creatures vanquished.

Vanquished Creatures (others)
  A spatial maelstrom (D)
1 creature vanquished.

Grand Total: 34 creatures vanquished

Notes
Turn   | Place    | Note
--------------------------------------------------------------
     0 | D        | Groucho the Vine Stalker Monk began the quest for the Orb.
     0 | D        | Reached XP level 1. HP: 11/11 MP: 2/2
     0 | D        | Found a viscous altar of Jiyva.
     0 | D        | Found a roughly hewn altar of Beogh.
     0 | D        | Found a corrupted altar of Lugonu.
     0 | D        | Found a white marble altar of Elyvilon.
     0 | D        | Found a sparkling altar of Nemelex Xobeh.
     1 | D        | Found a burning altar of Makhleb.
     1 | D        | Found an iron altar of Okawaru.
     1 | D        | Found a deep blue altar of Sif Muna.
     1 | D        | Found a radiant altar of Vehumet.
     1 | D        | Found a bloodstained altar of Trog.
     1 | D        | Found a shimmering altar of Xom.
     3 | D        | Banished a spatial maelstrom
    20 | D        | Became a worshipper of Dithmenos the Shadowed
    20 | D        | Reached * piety under Dithmenos
    20 | D        | Reached ** piety under Dithmenos
    89 | D        | Entered arena 1.
    89 | D        | Noticed a phantom
    92 | D        | Reached skill level 1 in Armour
    96 | D        | Killed a phantom
    96 | D        | Reached skill level 2 in Shields
    96 | D        | Reached XP level 2. HP: 17/17 MP: 3/6
    96 | D        | Reached XP level 3. HP: 21/21 MP: 3/7
    96 | D        | Reached XP level 4. HP: 25/25 MP: 3/8
   143 | D        | Entered arena 2.
   143 | D        | Noticed a yaktaur
   143 | D        | Noticed a yaktaur
   143 | D        | Noticed a centaur
   149 | D        | Killed a centaur
   149 | D        | Reached skill level 3 in Shields
   149 | D        | Reached skill level 5 in Unarmed Combat
   149 | D        | Reached XP level 5. HP: 23/30 MP: 6/9
   150 | D        | Killed a yaktaur
   150 | D        | Reached skill level 5 in Armour
   150 | D        | Reached skill level 5 in Shields
   150 | D        | Gained mutation: You heal very quickly. [Vine Stalker growth]
   150 | D        | Reached XP level 6. HP: 28/37 MP: 6/13
   151 | D        | Killed a yaktaur
   151 | D        | Reached *** piety under Dithmenos
   151 | D        | Reached skill level 6 in Shields
   151 | D        | Reached XP level 7. HP: 32/41 MP: 7/15
   159 | D        | Identified the Handbook of Augmentations (You found it in the Dungeon)
   163 | D        | Learned a level 3 spell: Regeneration
   207 | D        | Entered arena 3.
   215 | D        | Reached **** piety under Dithmenos
   228 | D        | Entered arena 4.
   232 | D        | Reached skill level 5 in Dodging
   232 | D        | Reached skill level 5 in Spellcasting
   240 | D        | Entered arena 5.
   240 | D        | Noticed a spriggan
   240 | D        | Noticed a spriggan
   244 | D        | Killed a spriggan
   244 | D        | Reached skill level 5 in Axes
   244 | D        | Gained mutation: You have razor-sharp teeth. [Vine Stalker growth]
   244 | D        | Reached XP level 8. HP: 41/46 MP: 16/16
   245 | D        | Reached ***** piety under Dithmenos
   245 | D        | Reached skill level 7 in Shields
   247 | D        | Killed a spriggan
   265 | D        | Entered arena 6.
   281 | D        | Entered arena 7.
   281 | D        | Noticed a naga mage
   281 | D        | Noticed a naga mage
   284 | D        | Reached ****** piety under Dithmenos
   287 | D        | Reached skill level 8 in Shields
   287 | D        | Reached XP level 9. HP: 46/51 MP: 15/19
   288 | D        | Killed a naga mage
   289 | D        | Killed a naga mage
   452 | D        | Got the ring "Tupoerar" {SustAt Int+2 Slay+2}
   456 | D        | Entered arena 8.
   456 | D        | Noticed a merfolk
   456 | D        | Noticed a merfolk
   456 | D        | Noticed a merfolk
   456 | D        | Noticed a cyclops
   456 | D        | Noticed a merfolk
   464 | D        | Killed a merfolk
   464 | D        | Reached skill level 9 in Shields
   464 | D        | Hit by a large rock thrown by a cyclops

Skill      XL: |  1  2  3  4  5  6  7  8  9 |
---------------+----------------------------+-----
Armour         | 2 3 5 6 7 8 |  8.4
Fighting       | 4 6 7 8 |  8.4
Axes           | 2 3 4 5 6 7 |  7.8
Dodging        | 3 4 5 6 |  6.3
Shields        | 2 3 5 6 8 9 |  9.1
Spellcasting   | 2 4 5 6 |  6.9
Unarmed Combat | 5 6 7 8 |  8.1
Stealth        | |  2.4

Action                   |  1- 3 |  4- 6 |  7- 9 || total
-------------------------+-------+-------+-------++-------
Melee: Broad axe         |     5 |     5 |    33 ||    43
       Bite              |     2 |     1 |     8 ||    11
Armor: Plate armour      |       |     6 |    44 ||    50
Dodge: Dodged            |       |       |     4 ||     4
Block: Shield            |     5 |    14 |    75 ||    94
